 Dungeon Crawl Stone Soup version 0.23.0-3-gf3c87f2 (webtiles) character file.

Game seed: 3344078814192879205

833 Borgoz the Sneak (level 7, -8/60 HPs)
             Began as a Ghoul Assassin on Feb 24, 2019.
             Mangled by an orc
             ... wielding a +0 trident
              (9 damage)
             ... on level 5 of the Dungeon.
             The game lasted 00:11:40 (4508 turns).

Borgoz the Sneak (Ghoul Assassin)                   Turns: 4508, Time: 00:11:41

Health: -8/60      AC:  7    Str: 12 (15) XL:     7   Next: 98%
Magic:  6/6        EV: 12    Int:  6 (7)  God:
Gold:   265        SH:  0    Dex:  9 (11) Spells: 6/6 levels left

rFire    . . .     SeeInvis .   a - +2 dagger
rCold    + . .     Gourm    .   (no shield)
rNeg     + + +     Faith    .   p - +0 leather armour
rPois    ∞         Spirit   .   w - +0 helmet
rElec    .         Reflect  .   c - scarf {repulsion}
rCorr    .         Harm     .   m - +2 pair of gloves
MR       .....                  (no boots)
Stlth    +++.......             (no amulet)
HPRegen  0.00/turn              (no ring)
MPRegen  0.10/turn              (no ring)

@: rotting, repel missiles
A: rotting body, claws 1, carnivore, cold resistance 1, negative energy
resistance 3, inhibited regeneration, torment resistance, unbreathing
a: no special abilities


You were on level 5 of the Dungeon.
You were not hungry.

You visited 1 branch of the dungeon, and saw 5 of its levels.

You collected 265 gold pieces.

Inventory:

Hand Weapons
 a - a +2 dagger (weapon)
 b - a +0 blowgun
Missiles
 e - 18 poisoned needles
 f - 2 curare-tipped needles
Armour
 c - a scarf of repulsion (worn)
 m - a +2 pair of gloves (worn)
 p - a +0 leather armour (worn)
 w - a +0 helmet (worn)
Scrolls
 d - a scroll of enchant weapon {unknown}
 j - a scroll of blinking {unknown}
 l - 4 scrolls of identify {unknown}
 o - a scroll of immolation {unknown}
 q - 4 scrolls of amnesia {unknown}
 r - 3 scrolls of teleportation
 u - 2 scrolls of remove curse
 v - 2 scrolls of enchant armour
Comestibles
 g - 4 rations


   Skills:
 + Level 4.3 Fighting
 + Level 4.8 Short Blades
 + Level 2.3 Throwing
 + Level 2.5 Armour
 + Level 2.2 Dodging
 + Level 6.7 Stealth


You had 6 spell levels left.
You didn't know any spells.
Your spell library was empty.

Dungeon Overview and Level Annotations

Branches:
Dungeon (5/15)
 Temple: D:4-7

Altars:
Cheibriados
Dithmenos
Elyvilon
Fedhas
Kikubaaqudgha
Ru
Trog
Uskayaw
Vehumet
Wu Jian
Yredelemnul
Zin


Innate Abilities, Weirdness & Mutations

Your body is rotting away.
You thrive on raw meat.
You are immune to poison.
You have sharp fingernails.
You are carnivorous and can eat meat at any time.
Your flesh is cold resistant. (rC+)
You are immune to negative energy. (rN+++)
You do not regenerate when monsters are visible.
You are immune to unholy pain and torment.
You can survive without breathing.


Message History

You hit the orc priest but do no damage.
The orc priest is severely wounded.
The orc barely misses you.
You hit the orc priest.
The orc priest is severely wounded.
The orc priest hits you but does no damage.
You closely miss the orc priest.
The orc priest is severely wounded.
The orc hits you from afar with a +0 trident!
* * * LOW HITPOINT WARNING * * *
The orc priest hits you with a +0 flail of draining.
* * * LOW HITPOINT WARNING * * *
You barely miss the orc priest.
The orc priest is severely wounded.
The orc closely misses you.
You hit the orc priest.
You kill the orc priest!
The orc closely misses you. The orc hits you with a +0 trident!
You die...

#..# ## #..# #. #..#
#.#######..#
######..........#
........######.## .#.#.#..#
#.#
........######.############
...⌠....5o@....##..........
_.(..(..#########.#########
...⌠...## #<....... ?......
########. .#.#.#. .......
#### .. #.. #..


You could see a crimson imp and an orc.

Vanquished Creatures
  2 ogres (D:4)
  2 scorpions (D:4)
  A crimson imp (D:5)
  3 hounds (D:4)
  An orc priest (D:5)
  A jelly (D:5)
  A centaur skeleton (D:4)
  2 iguanas
  3 orc wizards
  A worker ant (D:4)
  4 gnolls
  2 adders
  5 oozes
  2 worms (D:2)
  A dart slug (D:2)
  5 leopard geckos
  12 orcs
  5 ball pythons
  5 giant cockroaches
  9 goblins
  8 hobgoblins
  10 jackals (D:3)
  6 kobolds
  3 quokkas
  9 bats
  6 frilled lizards
  6 rats
  A spectral orc (D:2)
116 creatures vanquished.

Notes
Turn   | Place    | Note
-------+----------+-------------------------------------------
     0 | D:1      | Borgoz the Ghoul Assassin began the quest for the Orb.
     0 | D:1      | Reached XP level 1. HP: 17/17 MP: 0/0
   122 | D:1      | Reached XP level 2. HP: 21/25 MP: 1/1
   416 | D:1      | Reached skill level 5 in Stealth
   461 | D:1      | Reached XP level 3. HP: 30/30 MP: 2/2
   727 | D:1      | Reached skill level 1 in Dodging
  1165 | D:2      | Found a glowing silver altar of Zin.
  1168 | D:2      | Found a shadowy altar of Dithmenos.
  1175 | D:2      | You fall through a shaft!
  1268 | D:2      | Reached XP level 4. HP: 22/37 MP: 3/3
  1392 | D:2      | Found a snail-covered altar of Cheibriados.
  1414 | D:2      | Found an ornate altar of the Wu Jian Council.
  1591 | D:2      | Found a basalt altar of Yredelemnul.
  1779 | D:2      | Found a faded altar of an unknown god.
  1937 | D:3      | Found a sacrificial altar of Ru.
  2007 | D:3      | Reached XP level 5. HP: 37/45 MP: 4/4
  2286 | D:3      | Reached skill level 6 in Stealth
  2389 | D:3      | Found a radiant altar of Vehumet.
  2861 | D:2      | Found a bloodstained altar of Trog.
  2896 | D:4      | Noticed an ogre
  2901 | D:4      | Killed an ogre
  2901 | D:4      | Reached XP level 6. HP: 51/51 MP: 5/5
  2924 | D:4      | Reached skill level 1 in Armour
  2939 | D:4      | Found a blossoming altar of Fedhas.
  3100 | D:4      | Reached XP level 7. HP: 48/58 MP: 6/6
  3989 | D:5      | Entered Level 5 of the Dungeon
  4082 | D:5      | Found a hide-covered altar of Uskayaw.
  4198 | D:5      | Found an ancient bone altar of Kikubaaqudgha.
  4461 | D:5      | Found a white marble altar of Elyvilon.
  4505 | D:5      | HP: 2/59 [orc/+0 trident (9)]
  4508 | D:5      | Mangled by an orc

Skill      XL: |  1  2  3  4  5  6  7 |
---------------+----------------------+-----
Stealth        | 5 6 |  6.7
Dodging        | 1 2 |  2.2
Short Blades   | 2 3 4 |  4.8
Fighting       | 3 4 |  4.3
Throwing       | 2 |  2.3
Armour         | 1 2 |  2.5

Action                   |  1- 3 |  4- 6 |  7- 9 || total
-------------------------+-------+-------+-------++-------
Melee: Dagger            |    90 |   275 |   217 ||   582
 Fire: Blowgun           |     7 |     4 |    10 ||    21
  Use: Scroll            |     5 |       |     1 ||     6
       Potion            |       |     4 |     4 ||     8
 Stab: Sleeping          |     9 |    14 |     5 ||    28
       Paralysed         |       |     1 |       ||     1
  Eat: Chunk             |     4 |    15 |     5 ||    24
Armor: Robe              |    15 |       |       ||    15
       Leather armour    |       |    80 |    46 ||   126
Dodge: Dodged            |    43 |   153 |    76 ||   272
       Deflected         |       |     1 |     2 ||     3
